 Dungeon Crawl Stone Soup version 0.29-a0-294-g83ea962da3 (webtiles) character file.

Game seed: 16050155120911868620

210 sanka the Ducker (level 5, -1/47 HPs)
             Began as a Gnoll Monk on Mar 18, 2022.
             Succumbed to an orc wizard's poison
             ... on level 3 of the Dungeon.
             The game lasted 00:03:05 (2937 turns).

sanka the Ducker (Gnoll Monk)                       Turns: 2937, Time: 00:03:05

Health: -1/47      AC:  2    Str: 13    XL:     5   Next: 88%
Magic:  7/7        EV: 15    Int:  9    God:
Gold:   168        SH:  0    Dex: 14    Spells: 7/7 levels left

rFire   . . .      SeeInvis .   k - +4 spear
rCold   . . .      Faith    .   (no shield)
rNeg    . . .      Spirit   .   b - +0 robe
rPois   .          Reflect  .   (no helmet)
rElec   .          Harm     .   (no cloak)
rCorr   .          Rampage  .   (no gloves)
Will    .....                   (no boots)
Stlth   +++.......              (no amulet)
HPRegen 0.15/turn               (no ring)
MPRegen 0.10/turn               e - ring of flight

@: lethally poisoned (-1 -> -10), flying
A: fangs 1, strong nose, distributed training
a: no special abilities


You were on level 3 of the Dungeon.
You visited 1 branch of the dungeon, and saw 3 of its levels.

You collected 188 gold pieces.
You spent 20 gold pieces at shops.


Innate Abilities, Weirdness & Mutations

You have very sharp teeth.
Your uncanny sense of smell can sniff out nearby items.
Your experience applies equally to all skills.


   Skills:
 + Level 6.7 Fighting
 + Level 1.6 Short Blades
 + Level 1.6 Long Blades
 + Level 6.7 Axes
 + Level 1.6 Maces & Flails
 + Level 1.6 Polearms
 + Level 1.6 Staves
 + Level 1.6 Slings
 + Level 1.6 Bows
 + Level 1.6 Crossbows
 + Level 1.6 Throwing
 + Level 1.6 Armour
 + Level 6.7 Dodging
 + Level 4.5 Stealth
 + Level 1.6 Shields
 + Level 1.6 Unarmed Combat
 + Level 1.6 Spellcasting
 + Level 1.3 Conjurations
 + Level 1.3 Hexes
 + Level 1.3 Summonings
 + Level 1.3 Necromancy
 + Level 1.3 Translocations
 + Level 1.3 Transmutations
 + Level 1.3 Fire Magic
 + Level 1.3 Ice Magic
 + Level 1.3 Air Magic
 + Level 1.3 Earth Magic
 + Level 1.3 Poison Magic
 + Level 1.9 Invocations
 + Level 1.6 Evocations


You had 7 spell levels left.
You didn't know any spells.
Your spell library contained the following spells:

 Spells                   Type           Power      Damage    Failure   Level
 Blink                    Tloc           6%         N/A       30%         2
 Manifold Assault         Tloc           3%         N/A       99%         5
 Storm Form               Tmut/Air       1%         N/A       100%        7

Inventory:

Hand Weapons
 a - a +0 hand axe
 k - a +4 spear (weapon)
 o - a +4 dagger
 p - a +5 whip
Armour
 b - a +0 robe (worn)
Jewellery
 e - a ring of flight (right hand)
 j - a ring of ice
 l - a ring of fire
Scrolls
 f - a scroll of blinking
 h - 2 scrolls of identify {@r1}
 i - a scroll of fog
 m - a scroll of teleportation {unknown}
Potions
 c - 2 potions of ambrosia
 d - 3 potions of flight {unknown}
 g - a potion of berserk rage {unknown}
 n - a potion of invisibility {unknown}

Dungeon Overview and Level Annotations

Branches:
Dungeon (3/15)

Altars:
Sif Muna

Shops:
D:2

? ▒▒▒ ▒▒▒▒▒..<..... ▒..
...........▒▒ ▒.▒
▒▒▒▒..>▒▒.▒▒ ..▒
▒▒▒▒▒▒........ ▒.▒
▒...<......... ▒.▒
▒.▒▒▒▒▒....÷.. ▒.▒
▒....▒▒....... ▒ ▒.▒
▒............. ▒. ▒g▒
▒....▒▒.▒▒.▒▒▒ ▒▒.▒
▒{▒▒▒.▒†▒▒▒.▒▒.▒
▒▒...▒▒▒▒Srg........▒▒.▒
▒...†...wrg....▒▒▒▒▒▒
▒▒.....▒▒▒▒▒..........
.▒..▒..▒▒▒▒▒..▒▒▒▒▒▒▒▒
▒..........oo.^▒
▒▒..▒▒..▒▒▒▒o..▒ ▒. ▒..▒
▒...▒


You could see a gnoll (summoned), an adder (summoned), a dart slug (summoned), a
quokka (summoned) and a rat (summoned).


Message History

You hit the quokka.
You kill the quokka!
Wisps of shadow swirl around something.
An orc wizard appears from thin air!
Reactivating autopickup.
The orc wizard reads a scroll.
Wisps of shadow swirl around the orc wizard.
You barely miss the frilled lizard.
The orc wizard mumbles some strange words.
The orc wizard flickers and vanishes!
Deactivating autopickup; reactivate with Ctrl-A.
The frilled lizard misses you.
You hit the frilled lizard. You bite the frilled lizard.
You kill the frilled lizard!
You hear some strange, mumbled words.
Something tries to affect you, but you resist.
Something hits you.
* * * LOW HITPOINT WARNING * * *
Unknown command.
You puncture something! Something hits you.
* * * LOW HITPOINT WARNING * * *
You are lethally poisoned!
You hear some strange, mumbled words.
A magic dart appears from out of thin air!
The magic dart hits you!
* * * LOW HITPOINT WARNING * * *
You closely miss something.
You die...

Action                   |  1- 3 |  4- 6 || total
-------------------------+-------+-------++-------
Melee: Hand axe          |    35 |       ||    35
       Spear             |    18 |   146 ||   164
       Bite              |     1 |    13 ||    14
  Use: Scroll            |       |     2 ||     2
 Stab: Sleeping          |     4 |     4 ||     8
       Distracted        |     1 |       ||     1
Armor: Robe              |     9 |    10 ||    19
Dodge: Dodged            |    47 |    87 ||   134

Levels and vault maps discovered:
D:1:      minmay_arrival_hallway, layout_rooms, minmay_tromino_v4_c
D:2:      layout_loops_ring, shapermc_ecumenical_altar_petra, basic_altar,
          serial_shops, shop_coins
D:3:      layout_loops_ring, uniq_jessica, uniq_crazy_yiuf_cottage

Notes
Turn   | Place    | Note
-------+----------+-------------------------------------------
     0 | D:1      | sanka the Gnoll Monk began the quest for the Orb.
     0 | D:1      | Reached XP level 1. HP: 23/23 MP: 1/1
   138 | D:1      | Reached XP level 2. HP: 21/29 MP: 2/2
   677 | D:2      | Found a shimmering blue altar of Sif Muna.
   743 | D:2      | Reached XP level 3. HP: 35/35 MP: 3/3
   815 | D:2      | Reached skill level 1 in Short Blades
   815 | D:2      | Reached skill level 1 in Long Blades
   815 | D:2      | Reached skill level 1 in Maces & Flails
   815 | D:2      | Reached skill level 1 in Polearms
   815 | D:2      | Reached skill level 1 in Staves
   815 | D:2      | Reached skill level 1 in Slings
   815 | D:2      | Reached skill level 1 in Bows
   815 | D:2      | Reached skill level 1 in Crossbows
   815 | D:2      | Reached skill level 1 in Throwing
   815 | D:2      | Reached skill level 1 in Armour
   815 | D:2      | Reached skill level 1 in Shields
   815 | D:2      | Reached skill level 1 in Unarmed Combat
   815 | D:2      | Reached skill level 1 in Spellcasting
   815 | D:2      | Reached skill level 1 in Invocations
   815 | D:2      | Reached skill level 1 in Evocations
   815 | D:2      | Reached XP level 4. HP: 12/41 MP: 5/5
  1212 | D:2      | Found Ocihaucsi's Magic Scroll Boutique.
  1221 | D:2      | Bought a scroll of identify for 20 gold pieces
  1743 | D:2      | Reached skill level 1 in Conjurations
  1743 | D:2      | Reached skill level 1 in Hexes
  1743 | D:2      | Reached skill level 1 in Summonings
  1743 | D:2      | Reached skill level 1 in Necromancy
  1743 | D:2      | Reached skill level 1 in Translocations
  1743 | D:2      | Reached skill level 1 in Transmutations
  1743 | D:2      | Reached skill level 1 in Fire Magic
  1743 | D:2      | Reached skill level 1 in Ice Magic
  1743 | D:2      | Reached skill level 1 in Air Magic
  1743 | D:2      | Reached skill level 1 in Earth Magic
  1743 | D:2      | Reached skill level 1 in Poison Magic
  2278 | D:3      | Reached XP level 5. HP: 25/47 MP: 5/7
  2350 | D:3      | Noticed Jessica
  2523 | D:3      | Killed Jessica
  2936 | D:3      | HP: 1/47 [something/magic dart (7)]
  2937 | D:3      | Succumbed to an orc wizard's poison

Vanquished Creatures
  An orc priest (D:3)
  Jessica (D:3)
  2 iguanas
  2 adders (D:2)
  2 worms
  A dart slug (D:3)
  4 orcs (D:3)
  5 bats
  7 endoplasms
  3 giant cockroaches
  4 hobgoblins
  15 jackals
  2 kobolds
  2 quokkas
  5 ball pythons
  3 frilled lizards
  4 goblins
  6 rats
69 creatures vanquished.
